 Dungeon Crawl Stone Soup version 0.29-a0-529-gfa20dd96a1 (webtiles) character file.

Game seed: 3653531549546986480

44 zeratav the Shooter (level 3, -3/20 HPs)
             Began as a Deep Elf Hunter on June 1, 2022.
             Slain by a kobold
             ... wielding a +0 whip
              (4 damage)
             ... on level 2 of the Dungeon.
             The game lasted 00:02:29 (830 turns).

zeratav the Shooter (Deep Elf Hunter)                Turns: 830, Time: 00:02:29

Health: -3/20      AC:  4    Str:  7 (8)  XL:     3   Next: 39%
Magic:  5/5        EV: 13    Int: 10 (13) God:
Gold:   91         SH:  0    Dex: 19 (20) Spells: 2/2 levels left

rFire   + . .      SeeInvis .   a - +1 shortbow {bow}
rCold   + . .      Faith    .   (shield currently unavailable)
rNeg    . . .      Spirit   .   h - +2 robe {rC+ rF+}
rPois   .          Reflect  .   (no helmet)
rElec   .          Harm     .   (no cloak)
rCorr   .          Rampage  .   (no gloves)
Will    .....                   (no boots)
Stlth   ++........              (no amulet)
HPRegen 0.06/turn               o - ring of wizardry
MPRegen 0.09/turn               (no ring)

@: mighty, brilliant
A: no striking features
a: no special abilities


You were on level 2 of the Dungeon.
You visited 1 branch of the dungeon, and saw 2 of its levels.

You collected 91 gold pieces.


   Skills:
 - Level 1.5 Fighting
 + Level 7.0 Bows
 - Level 2.4 Dodging
 - Level 1.2 Stealth


You had 2 spell levels left.
You didn't know any spells.
Your spell library contained the following spells:

 Spells                   Type           Power      Damage    Failure   Level
 Portal Projectile        Hex/Tloc       0%         N/A       41%         3
 Tukima's Dance           Hex            0%         N/A       41%         3
 Blade Hands              Tmut           0%         N/A       98%         5

Inventory:

Hand Weapons
 a - a +1 shortbow (weapon) {bow}
Armour
 h - a +2 robe of resistance (worn)
   (You found it on level 1 of the Dungeon)
Jewellery
 o - a ring of wizardry (left hand)
   (You found it on level 2 of the Dungeon)
Scrolls
 c - a scroll of immolation {!r!r}
 f - a scroll of blinking {unknown}
 g - a scroll of amnesia {unknown}
 j - a scroll of noise {unknown}
 k - a scroll of teleportation {unknown}
 l - a scroll of enchant armour {unknown}
 m - a scroll of fear {unknown}
 n - a scroll of enchant weapon {unknown}
Potions
 b - a potion of degeneration {!q@e2}
 e - a potion of brilliance
 i - a potion of cancellation {unknown}

Dungeon Overview and Level Annotations

Branches:
Dungeon (2/15)

Altars:

###.....###....#........#.
######.###.####..##..........
#.............#..............
#.........###...#............
#.........#.......†..........
#<..........#................
#............................
#............................
#.........##@......##.......^
#.........##......###..##....
#......................# ....
#.........#.......##..#.## ..
####........#.....# .##...
#........##.....##.#....
#....................#
#.......###..........#
#......## #.††......#


There were no monsters in sight!


Message History

The arrow hits the ball python!
You kill the ball python!
An endoplasm comes into view.
You shoot an arrow. The endoplasm quivers.
The arrow hits the endoplasm!
You kill the endoplasm!
Your Bows skill increases to level 7!
No target in view!
No target in view!
No target in view!
No target in view!
No target in view!
No target in view!
No target in view!
No target in view!
No target in view!
No target in view!
A kobold comes into view. It is wielding a +0 whip.
There is a stone staircase leading down here.
A kobold is nearby!
You shoot an arrow. The arrow closely misses the kobold.
The kobold shouts!
You shoot an arrow. The arrow hits the kobold.
You shoot an arrow. The arrow closely misses the kobold.
You shoot an arrow. The arrow closely misses the kobold.
You shoot an arrow. The arrow misses the kobold.
The kobold drinks a potion.
The kobold flickers and vanishes!
Deactivating autopickup; reactivate with Ctrl-A.
No target in view!
No target in view!
No target in view!
No target in view!
Something barely misses you.
Shoot: a) +1 shortbow {bow}
Press: ? - help, Q - select action Shift-Dir - straight line You shoot an arrow.
Something completely misses you.
Shoot: a) +1 shortbow {bow}
Press: ? - help, Q - select action Shift-Dir - straight line You shoot an arrow.
Something barely misses you.
Shoot: a) +1 shortbow {bow}
Press: ? - help, Q - select action Shift-Dir - straight line You shoot an arrow.
Something barely misses you. Something hits you.
HP[-2]
You take 2 damage, and now have 18/20 hp.
Something hits you.
HP[-4]
You take 4 damage, and now have 14/20 hp.
Something hits you.
* * * LOW HITPOINT WARNING * * *
HP[-4]
You take 4 damage, and now have 10/20 hp.
Something hits you.
* * * LOW HITPOINT WARNING * * *
HP[-2]
You take 2 damage, and now have 8/20 hp.
Something barely misses you. Something hits you but does no damage.
Something barely misses you.
You see here a scroll labelled COYTATI XOTZOS.
Shoot: a) +1 shortbow {bow}
Press: ? - help, Q - select action Shift-Dir - straight line You shoot an arrow.
Something hits you but does no damage.
HP[+1] Shoot: a) +1 shortbow {bow}
Press: ? - help, Q - select action Shift-Dir - straight line You shoot an arrow.
Something hits you.
* * * LOW HITPOINT WARNING * * *
HP[-3]
You take 3 damage, and now have 6/20 hp.
Shoot: a) +1 shortbow {bow}
Press: ? - help, Q - select action Shift-Dir - straight line You shoot an arrow.
Something hits you.
* * * LOW HITPOINT WARNING * * *
Something hits you.
* * * LOW HITPOINT WARNING * * *
HP[-4]
You take 4 damage, and now have 2/20 hp.
It was a potion of degeneration.
There was something very wrong with that liquid.
You feel weakened.
You feel dopey.
You feel clumsy. Something hits you.
* * * LOW HITPOINT WARNING * * *
HP[-1]
You take 1 damage, and now have 1/20 hp.
It was a potion of brilliance.
You feel clever all of a sudden. Something hits you but does no damage.
It was a potion of might.
You feel very mighty all of a sudden. Something hits you.
You die...

Skill      XL: |  1  2  3 |
---------------+----------+-----
Bows           | 6 7 |  7.0
Fighting       | |  1.5
Dodging        | |  2.4
Stealth        | |  1.2

Action                   || total
-------------------------++-------
 Fire: Shortbow          ||    98
  Use: Potion            ||     3
Armor: Robe              ||     9
Dodge: Dodged            ||    40

Levels and vault maps discovered:
D:1:      dpeg_arrival_solitude, layout_rooms,
          ebering_ecumenical_altar_petrified, serial_bayou_lake_a
D:2:      layout_rooms

Notes
Turn   | Place    | Note
-------+----------+-------------------------------------------
     0 | D:1      | zeratav the Deep Elf Hunter began the quest for the Orb.
     0 | D:1      | Reached XP level 1. HP: 12/12 MP: 3/3
     0 | D:1      | magus.rc [v1.9.6]
    21 | D:1      | You pick up a book of Weapons and begin reading...
    21 | D:1      | You add the spells Tukima's Dance, Portal Projectile and
                  | Blade Hands to your library.
   273 | D:1      | Reached skill level 6 in Bows
   273 | D:1      | Reached XP level 2. HP: 16/16 MP: 4/4
   288 | D:1      | Found a faded altar of an unknown god.
   603 | D:1      | Reached XP level 3. HP: 16/20 MP: 5/5
   800 | D:2      | Reached skill level 7 in Bows
   827 | D:2      | HP: 4/20 [something (2)]
   828 | D:2      | HP: 1/20 [something (1)]
   830 | D:2      | Slain by a kobold

Vanquished Creatures
  2 dart slugs
  3 ball pythons
  4 endoplasms
  2 giant cockroaches
  5 goblins
  A hobgoblin (D:2)
  4 jackals (D:2)
  2 kobolds (D:1)
  3 quokkas
  3 bats (D:1)
  A frilled lizard (D:1)
  4 rats (D:1)
34 creatures vanquished.

Vanquished Creatures (others)
  4 plants (D:1)
4 creatures vanquished.

Grand Total: 38 creatures vanquished

Table legend:
 A = Non-vault XP
 B = Vault XP
 C = Vault XP percentage of total XP
 D = Non-vault monster count
 E = Vault monster count
 F = Vault count percentage of total count
                 A         B        C        D         E       F
            +---------+---------+-------+---------+---------+-------
      Total |      63 |       0 |   0.0 |      34 |       0 |   0.0
            +---------+---------+-------+---------+---------+-------
        D:1 |      35 |       0 |   0.0 |      20 |       0 |   0.0
        D:2 |      28 |       0 |   0.0 |      14 |       0 |   0.0
            +---------+---------+-------+---------+---------+-------

Illustrated notes

Table legend:
 A = Kills in this place as a percentage of kills in entire the game.
 B = Kills by you in this place as a percentage of kills by you in the entire game.
 C = Kills by friends in this place as a percentage of kills by friends in the entire game.
 D = Other kills in this place as a percentage of other kills in the entire game.
 E = Experience gained in this place as a percentage of experience gained in the entire game.
 F = Experience gained in this place divided by the number of levels of this place that you have seen.
                   A       B       C       D       E      F
               +-------+-------+-------+-------+-------+----------------------
         Total | 100.0 | 100.0 |   N/A |   N/A | 100.0 |  31.5
       Dungeon | 100.0 | 100.0 |   N/A |   N/A | 100.0 |  31.5
               +-------+-------+-------+-------+-------+----------------------

Table legend: (Time is in decaauts)
 A = Elapsed time spent in this place.
 B = Non-inter-level travel time spent in this place.
 C = Inter-level travel time spent in this place.
 D = Time resting spent in this place.
 E = Time spent auto-exploring this place.
 F = Levels seen in this place.
 G = Mean time per level.
                   A        B        C        D        E       F      G
               +--------+--------+--------+--------+--------+-----+--------+
         Total |    869 |    840 |     29 |     76 |    549 |   2 |  434.5 |
       Dungeon |    869 |    840 |     29 |     76 |    549 |   2 |  434.5 |
               +--------+--------+--------+--------+--------+-----+--------+

Top non-repeatable levels by time:
     D:1: 702 daAuts
     D:2: 166 daAuts
